[ PARTIDA AOE2 · #479018610 ]
UnrankedJaponeses vs Vikings
[ ANÁLISIS DE REPETICIÓN · EXTRAÍDO DE LA PARTIDA GRABADA ]
Feudal
9:41
Castillos
13:26
Imperial
29:04
| APM promedio | 21.9 |
| APM pico | 49 |
| eAPM promedio | 16.3 |
| Aldeanos / militares | 154 / 55 |
Foco
⚔️ 23.1% · 🌾 76.9%
Samurai ×55
Feudal
12:15
Castillos
15:11
Imperial
28:44
| APM promedio | 36.6 |
| APM pico | 94 |
| eAPM promedio | 24.9 |
| Aldeanos / militares | 243 / 27 |
Foco
⚔️ 25.6% · 🌾 74.4%
Ballista Elephant ×17 · Scout Cavalry ×10
Feudal
11:26
Castillos
14:59
Imperial
26:39
| APM promedio | 36.5 |
| APM pico | 89 |
| eAPM promedio | 25.5 |
| Aldeanos / militares | 134 / 231 |
Foco
⚔️ 36.0% · 🌾 64.0%
Militia ×196 · Battering Ram ×28 · Spearman ×5 · Monk ×2
Feudal
11:39
Castillos
15:10
Imperial
29:27
| APM promedio | 51.3 |
| APM pico | 99 |
| eAPM promedio | 27.5 |
| Aldeanos / militares | 173 / 126 |
Foco
⚔️ 23.5% · 🌾 76.5%
Battle Elephant ×99 · Mangonel ×15 · Scout Cavalry ×9 · Battering Ram ×2 · Trebuchet (Packed) ×1
Feudal
10:31
Castillos
14:03
Imperial
28:31
| APM promedio | 43.8 |
| APM pico | 78 |
| eAPM promedio | 28.4 |
| Aldeanos / militares | 172 / 111 |
Foco
⚔️ 31.2% · 🌾 68.8%
Genoese Crossbowman ×72 · Hand Cannoneer ×21 · Bombard Cannon ×12 · Monk ×4 · Petard ×2
Feudal
11:24
Castillos
14:59
Imperial
26:02
| APM promedio | 44.5 |
| APM pico | 100 |
| eAPM promedio | 27.0 |
| Aldeanos / militares | 168 / 186 |
Foco
⚔️ 37.3% · 🌾 62.7%
Archer ×136 · Bombard Cannon ×35 · Militia ×5 · Skirmisher ×5 · Trebuchet (Packed) ×5
Feudal
10:25
Castillos
14:31
Imperial
29:43
| APM promedio | 34.1 |
| APM pico | 89 |
| eAPM promedio | 24.8 |
| Aldeanos / militares | 269 / 121 |
Foco
⚔️ 29.3% · 🌾 70.7%
Knight ×121
Feudal
10:31
Castillos
14:05
Imperial
27:32
| APM promedio | 33.7 |
| APM pico | 56 |
| eAPM promedio | 21.8 |
| Aldeanos / militares | 155 / 421 |
Foco
⚔️ 34.6% · 🌾 65.4%
Militia ×417 · Trebuchet (Packed) ×3 · Spearman ×1
Mapa de la partida
Recursos iniciales + cada clic de construcción. Líneas = muros · curvas = relieve. ◆ oro · ⬟ piedra · ● bayas · ✦ reliquia · ◌ hueco del cierre
Tu base· ✓ Cerrada en 13:26 · 0t muro · 2 puerta(s)
Base de JN-· ✓ Cerrada en 15:11 · 6t muro · 6 puerta(s)
Base de Lethe· ✓ Cerrada en 14:59 · 14t muro · 2 puerta(s)
Base de suki· ✓ Cerrada en 15:10 · 1t muro · 6 puerta(s)
Base de Morkus· ✓ Cerrada en 14:03 · 0t muro · 2 puerta(s)
Base de 小加· ✓ Cerrada en 14:59 · 3t muro · 5 puerta(s)
Base de 76561198442580508· ✓ Cerrada en 14:31 · 0t muro · 3 puerta(s)
Base de Osho· ✓ Cerrada en 14:05 · 0t muro · 3 puerta(s)
Terreno inicial suavizado · ◌ = hueco del cierre detectado · pasá el cursor para detalles
Inputs por minuto
— milarreach - - JN-
Build order — milarreach
Primeras 150 de 361 acciones detectadas
| 0:00 | Crear | Villager (Male) |
| 0:01 | Crear | Villager (Male) |
| 0:02 | Construir | House |
| 0:03 | Construir | House |
| 0:17 | Crear | Villager (Male) |
| 0:17 | Crear | Villager (Male) |
| 1:25 | Crear | Villager (Male) |
| 1:47 | Construir | Lumber Camp |
| 1:58 | Crear | Villager (Male) |
| 2:13 | Crear | Villager (Male) |
| 2:13 | Crear | Villager (Male) |
| 2:44 | Crear | Villager (Male) |
| 2:45 | Crear | Villager (Male) |
| 3:17 | Crear | Villager (Male) |
| 3:23 | Construir | Mill |
| 3:33 | Crear | Villager (Male) |
| 3:33 | Crear | Villager (Male) |
| 3:34 | Crear | Villager (Male) |
| 3:57 | Construir | House |
| 4:18 | Crear | Villager (Male) |
| 4:18 | Crear | Villager (Male) |
| 5:14 | Crear | Villager (Male) |
| 5:25 | Crear | Villager (Male) |
| 5:37 | Construir | House |
| 5:54 | Crear | Villager (Male) |
| 6:21 | Crear | Villager (Male) |
| 6:25 | Crear | Villager (Male) |
| 7:28 | Investigar | Feudal Age |
| 7:41 | Construir | Mining Camp |
| 8:44 | Crear | Villager (Male) |
| 8:44 | Crear | Villager (Male) |
| 9:41 | Edad | Edad Feudal |
| 9:42 | Construir | Market |
| 9:44 | Construir | Blacksmith |
| 10:46 | Investigar | Castle Age |
| 10:47 | Investigar | Castle Age |
| 11:23 | Construir | House |
| 11:33 | Investigar | Double-Bit Axe |
| 12:11 | Investigar | Horse Collar |
| 12:14 | Construir | Farm |
| 12:15 | Construir | Farm |
| 12:30 | Construir | Farm |
| 12:32 | Construir | Farm |
| 13:10 | Crear | Villager (Male) |
| 13:26 | Edad | Edad de los Castillos |
| 13:28 | Construir | Town Center |
| 13:33 | Construir | Town Center |
| 13:40 | Construir | Farm |
| 13:56 | Construir | Farm |
| 13:56 | Crear | Villager (Male) |
| 14:00 | Crear | Villager (Male) |
| 14:16 | Construir | Farm |
| 14:18 | Crear | Villager (Male) |
| 14:28 | Construir | Farm |
| 14:34 | Construir | House |
| 14:46 | Crear | Villager (Male) |
| 14:52 | Construir | Farm |
| 15:07 | Crear | Villager (Male) |
| 15:10 | Crear | Villager (Male) |
| 15:12 | Crear | Villager (Male) |
| 15:15 | Construir | Farm |
| 15:19 | Crear | Villager (Male) |
| 15:19 | Crear | Villager (Male) |
| 15:22 | Construir | Farm |
| 15:30 | Crear | Villager (Male) |
| 15:30 | Crear | Villager (Male) |
| 15:38 | Crear | Villager (Male) |
| 15:39 | Crear | Villager (Male) |
| 15:40 | Construir | Farm |
| 15:49 | Crear | Villager (Male) |
| 15:49 | Crear | Villager (Male) |
| 15:51 | Construir | Farm |
| 15:59 | Construir | Farm |
| 16:06 | Crear | Villager (Male) |
| 16:07 | Crear | Villager (Male) |
| 16:10 | Construir | Farm |
| 16:11 | Crear | Villager (Male) |
| 16:11 | Crear | Villager (Male) |
| 16:29 | Construir | Farm |
| 16:31 | Crear | Villager (Male) |
| 16:32 | Crear | Villager (Male) |
| 16:34 | Construir | Farm |
| 16:39 | Crear | Villager (Male) |
| 16:39 | Crear | Villager (Male) |
| 16:44 | Construir | House |
| 16:45 | Construir | House |
| 16:46 | Crear | Villager (Male) |
| 16:52 | Construir | Farm |
| 16:53 | Crear | Villager (Male) |
| 16:57 | Construir | Farm |
| 17:08 | Crear | Villager (Male) |
| 17:08 | Crear | Villager (Male) |
| 17:10 | Construir | Farm |
| 17:10 | Crear | Villager (Male) |
| 17:20 | Crear | Villager (Male) |
| 17:21 | Crear | Villager (Male) |
| 17:24 | Construir | House |
| 17:28 | Construir | Farm |
| 17:32 | Construir | Farm |
| 17:33 | Crear | Villager (Male) |
| 17:33 | Crear | Villager (Male) |
| 17:36 | Construir | Farm |
| 17:40 | Crear | Villager (Male) |
| 17:40 | Crear | Villager (Male) |
| 17:48 | Crear | Villager (Male) |
| 17:48 | Crear | Villager (Male) |
| 17:51 | Crear | Villager (Male) |
| 17:54 | Construir | Farm |
| 18:07 | Crear | Villager (Male) |
| 18:07 | Crear | Villager (Male) |
| 18:12 | Crear | Villager (Male) |
| 18:15 | Construir | House |
| 18:16 | Construir | House |
| 18:17 | Crear | Villager (Male) |
| 18:17 | Crear | Villager (Male) |
| 18:22 | Crear | Villager (Male) |
| 18:22 | Crear | Villager (Male) |
| 18:31 | Crear | Villager (Male) |
| 18:36 | Construir | Farm |
| 18:36 | Crear | Villager (Male) |
| 18:43 | Construir | Town Center |
| 18:48 | Crear | Villager (Male) |
| 19:01 | Construir | Farm |
| 19:03 | Crear | Villager (Male) |
| 19:06 | Construir | Farm |
| 19:11 | Investigar | Bow Saw |
| 19:15 | Crear | Villager (Male) |
| 19:15 | Crear | Villager (Male) |
| 19:18 | Construir | Farm |
| 19:20 | Crear | Villager (Male) |
| 19:21 | Crear | Villager (Male) |
| 19:24 | Construir | House |
| 19:24 | Construir | House |
| 19:31 | Crear | Villager (Male) |
| 19:31 | Crear | Villager (Male) |
| 19:35 | Crear | Villager (Male) |
| 19:37 | Construir | Farm |
| 19:49 | Construir | Outpost |
| 19:51 | Crear | Villager (Male) |
| 19:55 | Construir | Farm |
| 19:59 | Crear | Villager (Male) |
| 20:01 | Crear | Villager (Male) |
| 20:02 | Crear | Villager (Male) |
| 20:02 | Crear | Villager (Male) |
| 20:07 | Crear | Villager (Male) |
| 20:14 | Crear | Villager (Male) |
| 20:19 | Crear | Villager (Male) |
| 20:27 | Construir | Town Center |
| 20:32 | Crear | Villager (Male) |
| 20:38 | Construir | Farm |
Build order — JN-
Primeras 150 de 442 acciones detectadas
| 0:00 | Crear | Villager (Male) |
| 0:00 | Crear | Villager (Male) |
| 0:02 | Construir | House |
| 0:03 | Construir | House |
| 0:06 | Crear | Villager (Male) |
| 0:06 | Crear | Villager (Male) |
| 0:06 | Crear | Villager (Male) |
| 1:28 | Crear | Villager (Male) |
| 1:29 | Crear | Villager (Male) |
| 1:29 | Crear | Villager (Male) |
| 1:55 | Construir | Lumber Camp |
| 1:59 | Crear | Villager (Male) |
| 2:13 | Crear | Villager (Male) |
| 2:13 | Crear | Villager (Male) |
| 3:00 | Crear | Villager (Male) |
| 3:00 | Crear | Villager (Male) |
| 3:00 | Crear | Villager (Male) |
| 3:29 | Construir | House |
| 3:30 | Construir | House |
| 3:31 | Construir | House |
| 3:35 | Crear | Villager (Male) |
| 3:36 | Crear | Villager (Male) |
| 3:47 | Crear | Villager (Male) |
| 3:47 | Crear | Villager (Male) |
| 4:13 | Crear | Villager (Male) |
| 4:13 | Crear | Villager (Male) |
| 4:42 | Construir | Mill |
| 5:02 | Crear | Villager (Male) |
| 5:02 | Crear | Villager (Male) |
| 5:27 | Crear | Villager (Male) |
| 5:28 | Crear | Villager (Male) |
| 5:53 | Crear | Villager (Male) |
| 5:53 | Crear | Villager (Male) |
| 5:54 | Crear | Villager (Male) |
| 6:03 | Crear | Villager (Male) |
| 6:03 | Crear | Villager (Male) |
| 6:03 | Crear | Villager (Male) |
| 6:35 | Crear | Villager (Male) |
| 6:35 | Crear | Villager (Male) |
| 6:37 | Crear | Villager (Male) |
| 6:48 | Crear | Villager (Male) |
| 8:22 | Construir | Palisade Gate |
| 8:27 | Construir | Palisade Wall |
| 8:28 | Construir | Palisade Wall |
| 8:29 | Construir | Palisade Wall |
| 8:45 | Construir | Mining Camp |
| 8:50 | Construir | Palisade Wall |
| 8:58 | Construir | Palisade Gate |
| 9:04 | Construir | Palisade Gate |
| 9:08 | Crear | Villager (Male) |
| 9:18 | Construir | Farm |
| 9:19 | Construir | Farm |
| 9:23 | Construir | Farm |
| 9:33 | Crear | Villager (Male) |
| 9:33 | Crear | Villager (Male) |
| 9:36 | Investigar | Feudal Age |
| 10:08 | Crear | Villager (Male) |
| 10:08 | Crear | Villager (Male) |
| 10:23 | Construir | Palisade Wall |
| 10:25 | Construir | Palisade Wall |
| 12:15 | Edad | Edad Feudal |
| 12:18 | Construir | Farm |
| 12:31 | Investigar | Castle Age |
| 12:31 | Investigar | Castle Age |
| 13:01 | Construir | Farm |
| 13:03 | Construir | Farm |
| 13:04 | Construir | Farm |
| 13:18 | Investigar | Horse Collar |
| 13:18 | Investigar | Horse Collar |
| 13:19 | Investigar | Double-Bit Axe |
| 13:19 | Investigar | Double-Bit Axe |
| 13:45 | Construir | House |
| 13:46 | Construir | House |
| 14:08 | Construir | Farm |
| 14:24 | Construir | Farm |
| 14:29 | Crear | Villager (Male) |
| 15:11 | Edad | Edad de los Castillos |
| 15:14 | Construir | Town Center |
| 15:17 | Construir | Town Center |
| 15:19 | Investigar | Bow Saw |
| 15:19 | Investigar | Bow Saw |
| 15:22 | Crear | Villager (Male) |
| 15:28 | Investigar | Loom |
| 15:28 | Investigar | Loom |
| 15:41 | Construir | House |
| 15:55 | Crear | Villager (Male) |
| 15:59 | Investigar | Heavy Plow |
| 15:59 | Investigar | Heavy Plow |
| 16:00 | Crear | Villager (Male) |
| 16:32 | Crear | Villager (Male) |
| 16:34 | Crear | Villager (Male) |
| 16:35 | Crear | Villager (Male) |
| 16:37 | Crear | Villager (Male) |
| 16:37 | Crear | Villager (Male) |
| 16:43 | Construir | Farm |
| 16:46 | Construir | Farm |
| 16:48 | Construir | Farm |
| 16:50 | Construir | Farm |
| 16:57 | Construir | Farm |
| 17:04 | Crear | Villager (Male) |
| 17:04 | Crear | Villager (Male) |
| 17:04 | Crear | Villager (Male) |
| 17:05 | Crear | Villager (Male) |
| 17:05 | Crear | Villager (Male) |
| 17:06 | Crear | Villager (Male) |
| 17:10 | Construir | Farm |
| 17:30 | Crear | Villager (Male) |
| 17:31 | Crear | Villager (Male) |
| 17:48 | Crear | Villager (Male) |
| 17:48 | Crear | Villager (Male) |
| 17:56 | Construir | Town Center |
| 17:58 | Crear | Villager (Male) |
| 17:59 | Crear | Villager (Male) |
| 18:03 | Construir | Farm |
| 18:09 | Construir | Farm |
| 18:11 | Crear | Villager (Male) |
| 18:17 | Construir | Farm |
| 18:19 | Crear | Villager (Male) |
| 18:19 | Crear | Villager (Male) |
| 18:27 | Crear | Villager (Male) |
| 18:27 | Crear | Villager (Male) |
| 18:30 | Construir | House |
| 18:35 | Crear | Villager (Male) |
| 18:36 | Crear | Villager (Male) |
| 18:40 | Construir | Farm |
| 18:42 | Construir | Farm |
| 18:44 | Crear | Villager (Male) |
| 18:44 | Crear | Villager (Male) |
| 18:58 | Crear | Villager (Male) |
| 19:12 | Crear | Villager (Male) |
| 19:12 | Crear | Villager (Male) |
| 19:12 | Crear | Villager (Male) |
| 19:32 | Crear | Villager (Male) |
| 19:32 | Crear | Villager (Male) |
| 19:35 | Crear | Villager (Male) |
| 19:35 | Crear | Villager (Male) |
| 19:35 | Crear | Villager (Male) |
| 19:43 | Construir | Farm |
| 19:46 | Crear | Villager (Male) |
| 19:47 | Construir | Town Center |
| 19:57 | Construir | Farm |
| 20:01 | Crear | Villager (Male) |
| 20:01 | Crear | Villager (Male) |
| 20:01 | Crear | Villager (Male) |
| 20:03 | Construir | Farm |
| 20:04 | Crear | Villager (Male) |
| 20:04 | Crear | Villager (Male) |
| 20:04 | Crear | Villager (Male) |
| 20:09 | Crear | Villager (Male) |
| 20:09 | Crear | Villager (Male) |
Build order — Lethe
Primeras 150 de 406 acciones detectadas
| 0:01 | Crear | Villager (Male) ×4 |
| 0:02 | Construir | House |
| 0:04 | Construir | House |
| 1:29 | Crear | Villager (Male) |
| 1:29 | Crear | Villager (Male) |
| 1:46 | Construir | Lumber Camp |
| 2:00 | Crear | Villager (Male) |
| 2:16 | Crear | Villager (Male) |
| 2:17 | Crear | Villager (Male) |
| 2:46 | Crear | Villager (Male) |
| 3:06 | Crear | Villager (Male) |
| 3:07 | Crear | Villager (Male) |
| 3:35 | Construir | Mill |
| 3:41 | Crear | Villager (Male) |
| 3:56 | Construir | House |
| 4:06 | Crear | Villager (Male) |
| 4:07 | Crear | Villager (Male) |
| 4:17 | Construir | House |
| 4:25 | Crear | Villager (Male) |
| 4:46 | Crear | Villager (Male) |
| 5:21 | Construir | Palisade Wall |
| 5:23 | Construir | Palisade Wall |
| 5:23 | Construir | Palisade Wall |
| 5:25 | Crear | Villager (Male) |
| 5:36 | Construir | Palisade Wall |
| 5:41 | Construir | Palisade Wall |
| 5:44 | Construir | Palisade Wall |
| 5:46 | Construir | Palisade Wall |
| 5:48 | Construir | Palisade Wall |
| 5:54 | Crear | Villager (Male) |
| 5:58 | Construir | Palisade Wall |
| 5:59 | Construir | Palisade Wall |
| 6:05 | Construir | Palisade Wall |
| 6:07 | Construir | Palisade Wall |
| 6:10 | Construir | Palisade Wall |
| 6:14 | Construir | Palisade Wall |
| 6:21 | Crear | Villager (Male) |
| 6:36 | Crear | Villager (Male) |
| 7:08 | Crear | Villager (Male) |
| 7:34 | Crear | Villager (Male) |
| 7:34 | Crear | Villager (Male) |
| 7:48 | Crear | Villager (Male) |
| 8:07 | Construir | Farm |
| 8:10 | Construir | Farm |
| 8:18 | Construir | Farm |
| 8:24 | Construir | Farm |
| 8:29 | Crear | Villager (Male) |
| 8:34 | Construir | Mining Camp |
| 8:57 | Investigar | Feudal Age |
| 9:03 | Construir | House |
| 11:14 | Crear | Villager (Male) |
| 11:14 | Crear | Villager (Male) |
| 11:26 | Edad | Edad Feudal |
| 11:32 | Construir | Market |
| 11:34 | Construir | Blacksmith |
| 11:49 | Investigar | Double-Bit Axe |
| 12:14 | Investigar | Horse Collar |
| 12:19 | Investigar | Castle Age |
| 12:44 | Construir | Farm |
| 13:03 | Construir | Farm |
| 13:08 | Construir | Farm |
| 13:17 | Construir | Farm |
| 13:18 | Construir | Farm |
| 13:23 | Construir | Farm |
| 14:59 | Edad | Edad de los Castillos |
| 15:01 | Construir | Town Center |
| 15:03 | Construir | Town Center |
| 15:06 | Crear | Villager (Male) |
| 15:25 | Construir | Monastery |
| 15:29 | Crear | Villager (Male) |
| 15:49 | Crear | Villager (Male) |
| 16:10 | Construir | House |
| 16:12 | Crear | Monk |
| 16:15 | Crear | Villager (Male) |
| 16:21 | Construir | Farm |
| 16:24 | Construir | Farm |
| 16:25 | Crear | Villager (Male) |
| 16:33 | Crear | Villager (Male) |
| 16:41 | Investigar | Bow Saw |
| 16:43 | Crear | Villager (Male) |
| 16:43 | Crear | Villager (Male) |
| 16:54 | Construir | House |
| 16:55 | Crear | Villager (Male) |
| 16:55 | Crear | Villager (Male) |
| 16:58 | Construir | Farm |
| 17:04 | Construir | Farm |
| 17:10 | Construir | Farm |
| 17:13 | Crear | Villager (Male) |
| 17:13 | Crear | Villager (Male) |
| 17:25 | Crear | Monk |
| 17:27 | Crear | Villager (Male) |
| 17:27 | Crear | Villager (Male) |
| 17:34 | Construir | Farm |
| 17:42 | Crear | Villager (Male) |
| 17:42 | Crear | Villager (Male) |
| 17:50 | Construir | Farm |
| 17:53 | Construir | Farm |
| 18:00 | Crear | Villager (Male) |
| 18:01 | Crear | Villager (Male) |
| 18:03 | Construir | House |
| 18:08 | Construir | House |
| 18:10 | Crear | Villager (Male) |
| 18:11 | Crear | Villager (Male) |
| 18:16 | Construir | Farm |
| 18:26 | Crear | Villager (Male) |
| 18:26 | Crear | Villager (Male) |
| 18:27 | Construir | House |
| 18:44 | Construir | Town Center |
| 18:46 | Crear | Villager (Male) |
| 18:53 | Crear | Villager (Male) |
| 18:53 | Crear | Villager (Male) |
| 18:56 | Construir | House |
| 18:57 | Construir | House |
| 18:59 | Construir | Farm |
| 19:03 | Investigar | Gold Mining |
| 19:10 | Crear | Villager (Male) |
| 19:14 | Crear | Villager (Male) |
| 19:27 | Crear | Villager (Male) |
| 19:32 | Construir | Farm |
| 19:38 | Crear | Villager (Male) |
| 19:40 | Construir | Farm |
| 19:43 | Construir | Farm |
| 19:43 | Crear | Villager (Male) |
| 19:47 | Construir | Farm |
| 19:47 | Construir | Farm |
| 19:48 | Crear | Villager (Male) |
| 19:55 | Crear | Villager (Male) |
| 20:01 | Construir | Farm |
| 20:04 | Construir | Farm |
| 20:04 | Crear | Villager (Male) |
| 20:05 | Crear | Villager (Male) |
| 20:06 | Construir | Farm |
| 20:12 | Crear | Villager (Male) |
| 20:17 | Construir | House |
| 20:22 | Crear | Villager (Male) |
| 20:22 | Crear | Villager (Male) |
| 20:29 | Construir | Farm |
| 20:34 | Crear | Villager (Male) |
| 20:38 | Construir | House |
| 20:39 | Construir | House |
| 20:40 | Crear | Villager (Male) ×2 |
| 20:40 | Crear | Villager (Male) ×2 |
| 20:47 | Construir | Farm |
| 20:50 | Construir | Farm |
| 20:51 | Crear | Villager (Male) ×2 |
| 20:52 | Construir | Farm |
| 20:56 | Construir | Farm |
| 20:57 | Crear | Villager (Male) ×2 |
| 21:04 | Construir | Farm |
| 21:05 | Crear | Villager (Male) |
Build order — suki
Primeras 150 de 519 acciones detectadas
| 0:01 | Crear | Villager (Male) |
| 0:01 | Crear | Villager (Male) |
| 0:05 | Construir | House |
| 0:06 | Construir | House |
| 0:12 | Crear | Villager (Male) |
| 0:12 | Crear | Villager (Male) |
| 0:12 | Crear | Villager (Male) |
| 1:25 | Crear | Villager (Male) |
| 1:26 | Crear | Villager (Male) |
| 1:43 | Construir | Lumber Camp |
| 2:05 | Crear | Villager (Male) |
| 2:05 | Crear | Villager (Male) |
| 2:29 | Crear | Villager (Male) |
| 2:29 | Crear | Villager (Male) |
| 2:54 | Crear | Villager (Male) |
| 2:54 | Crear | Villager (Male) |
| 2:54 | Crear | Villager (Male) |
| 3:07 | Construir | Palisade Gate |
| 3:09 | Crear | Villager (Male) |
| 3:19 | Construir | Palisade Gate |
| 3:25 | Construir | Palisade Gate |
| 3:43 | Crear | Villager (Male) |
| 3:43 | Crear | Villager (Male) |
| 3:47 | Construir | Palisade Wall |
| 4:06 | Construir | House |
| 4:16 | Crear | Villager (Male) |
| 4:16 | Crear | Villager (Male) |
| 4:25 | Crear | Villager (Male) |
| 4:45 | Construir | House |
| 5:18 | Crear | Villager (Male) |
| 5:19 | Crear | Villager (Male) |
| 5:19 | Crear | Villager (Male) |
| 5:19 | Crear | Villager (Male) |
| 5:35 | Construir | Mill |
| 5:52 | Crear | Villager (Male) |
| 5:53 | Crear | Villager (Male) |
| 5:53 | Crear | Villager (Male) |
| 6:18 | Crear | Villager (Male) |
| 6:18 | Crear | Villager (Male) |
| 6:18 | Crear | Villager (Male) |
| 6:27 | Construir | Farm |
| 6:43 | Construir | Mill |
| 6:57 | Crear | Villager (Male) |
| 6:57 | Crear | Villager (Male) |
| 7:42 | Crear | Villager (Male) |
| 7:42 | Crear | Villager (Male) |
| 7:42 | Crear | Villager (Male) |
| 7:44 | Crear | Villager (Male) |
| 7:44 | Crear | Villager (Male) |
| 7:44 | Crear | Villager (Male) |
| 7:44 | Crear | Villager (Male) |
| 7:57 | Crear | Villager (Male) |
| 8:23 | Crear | Villager (Male) |
| 8:23 | Crear | Villager (Male) |
| 8:24 | Crear | Villager (Male) |
| 8:27 | Construir | House |
| 9:22 | Investigar | Feudal Age |
| 9:23 | Investigar | Feudal Age |
| 9:41 | Construir | Mining Camp |
| 10:04 | Crear | Villager (Male) |
| 10:05 | Crear | Villager (Male) |
| 10:48 | Construir | Farm |
| 10:55 | Construir | Farm |
| 11:39 | Edad | Edad Feudal |
| 11:42 | Construir | Blacksmith |
| 11:46 | Construir | Market |
| 12:30 | Investigar | Castle Age |
| 12:47 | Construir | Farm |
| 12:49 | Construir | Farm |
| 12:51 | Construir | Farm |
| 12:54 | Construir | Farm |
| 13:04 | Investigar | Double-Bit Axe |
| 13:20 | Construir | Farm |
| 13:25 | Construir | Farm |
| 13:32 | Investigar | Horse Collar |
| 13:40 | Construir | Lumber Camp |
| 14:12 | Crear | Villager (Male) |
| 14:13 | Crear | Villager (Male) |
| 15:10 | Edad | Edad de los Castillos |
| 15:15 | Construir | Town Center |
| 15:19 | Crear | Villager (Male) |
| 15:27 | Investigar | Bow Saw |
| 15:28 | Investigar | Heavy Plow |
| 15:33 | Construir | House |
| 15:43 | Crear | Villager (Male) |
| 15:43 | Crear | Villager (Male) |
| 16:01 | Construir | Town Center |
| 16:05 | Investigar | Wheelbarrow |
| 16:10 | Construir | House |
| 16:21 | Crear | Villager (Male) |
| 16:23 | Construir | Farm |
| 16:34 | Crear | Villager (Male) |
| 16:42 | Construir | Farm |
| 16:44 | Construir | House |
| 16:48 | Crear | Villager (Male) |
| 16:51 | Construir | Farm |
| 17:01 | Construir | Farm |
| 17:03 | Crear | Villager (Male) |
| 17:08 | Construir | Farm |
| 17:09 | Crear | Villager (Male) |
| 17:22 | Crear | Villager (Male) |
| 17:22 | Crear | Villager (Male) |
| 17:24 | Construir | House |
| 17:31 | Crear | Villager (Male) |
| 17:32 | Crear | Villager (Male) |
| 17:35 | Construir | Farm |
| 17:39 | Construir | Farm |
| 17:47 | Construir | Farm |
| 17:49 | Crear | Villager (Male) |
| 17:55 | Construir | Farm |
| 17:58 | Construir | House |
| 17:59 | Crear | Villager (Male) |
| 18:03 | Construir | Farm |
| 18:07 | Crear | Villager (Male) |
| 18:15 | Crear | Villager (Male) |
| 18:27 | Construir | House |
| 18:31 | Construir | Farm |
| 18:34 | Construir | Farm |
| 18:35 | Crear | Villager (Male) |
| 18:41 | Crear | Villager (Male) |
| 18:45 | Crear | Villager (Male) |
| 18:49 | Crear | Villager (Male) |
| 18:57 | Construir | Farm |
| 18:57 | Crear | Villager (Male) |
| 19:01 | Construir | House |
| 19:03 | Construir | Farm |
| 19:05 | Construir | Farm |
| 19:06 | Crear | Villager (Male) |
| 19:13 | Crear | Villager (Male) |
| 19:25 | Crear | Villager (Male) |
| 19:32 | Crear | Villager (Male) |
| 19:41 | Construir | Town Center |
| 19:42 | Crear | Villager (Male) |
| 19:48 | Crear | Villager (Male) |
| 19:51 | Construir | House |
| 19:51 | Crear | Villager (Male) |
| 19:55 | Crear | Villager (Male) |
| 20:03 | Construir | Farm |
| 20:03 | Crear | Villager (Male) |
| 20:07 | Construir | Farm |
| 20:07 | Crear | Villager (Male) |
| 20:09 | Crear | Villager (Male) |
| 20:16 | Crear | Villager (Male) |
| 20:18 | Construir | House |
| 20:22 | Crear | Villager (Male) |
| 20:32 | Crear | Villager (Male) |
| 20:36 | Construir | Farm |
| 20:38 | Construir | Farm |
| 20:39 | Crear | Villager (Male) |
| 20:47 | Construir | House |
Build order — Morkus
Primeras 150 de 485 acciones detectadas
| 0:01 | Crear | Villager (Male) ×4 |
| 0:01 | Crear | Villager (Male) ×4 |
| 0:02 | Crear | Villager (Male) |
| 0:03 | Construir | House |
| 0:04 | Construir | House |
| 1:27 | Crear | Villager (Male) |
| 1:28 | Crear | Villager (Male) |
| 1:30 | Construir | Lumber Camp |
| 1:56 | Crear | Villager (Male) |
| 2:18 | Crear | Villager (Male) |
| 2:18 | Crear | Villager (Male) |
| 2:44 | Crear | Villager (Male) |
| 3:14 | Crear | Villager (Male) |
| 3:15 | Crear | Villager (Male) |
| 3:35 | Crear | Villager (Male) |
| 3:35 | Crear | Villager (Male) |
| 3:53 | Construir | House |
| 3:54 | Construir | House |
| 3:56 | Construir | House |
| 3:59 | Crear | Villager (Male) |
| 3:59 | Crear | Villager (Male) |
| 4:00 | Crear | Villager (Male) |
| 4:47 | Crear | Villager (Male) |
| 5:13 | Crear | Villager (Male) |
| 5:24 | Construir | Mill |
| 5:27 | Crear | Villager (Male) |
| 6:02 | Crear | Villager (Male) |
| 6:04 | Construir | Farm |
| 6:12 | Crear | Villager (Male) |
| 6:24 | Construir | Farm |
| 6:34 | Crear | Villager (Male) |
| 6:41 | Crear | Villager (Male) |
| 6:50 | Crear | Villager (Male) |
| 7:59 | Investigar | Feudal Age |
| 8:06 | Construir | Mining Camp |
| 9:55 | Construir | Mill |
| 10:12 | Crear | Villager (Male) |
| 10:12 | Crear | Villager (Male) |
| 10:15 | Construir | Farm |
| 10:31 | Edad | Edad Feudal |
| 10:32 | Construir | Market |
| 10:35 | Construir | Blacksmith |
| 10:36 | Construir | House |
| 11:23 | Investigar | Castle Age |
| 11:23 | Investigar | Castle Age |
| 11:40 | Investigar | Double-Bit Axe |
| 11:59 | Investigar | Horse Collar |
| 11:59 | Investigar | Horse Collar |
| 11:59 | Investigar | Horse Collar |
| 12:45 | Crear | Villager (Male) |
| 13:48 | Construir | House |
| 14:03 | Edad | Edad de los Castillos |
| 14:06 | Construir | Monastery |
| 14:13 | Crear | Villager (Male) |
| 14:14 | Investigar | Bow Saw |
| 14:17 | Construir | Town Center |
| 14:41 | Crear | Villager (Male) |
| 14:44 | Crear | Monk |
| 14:48 | Crear | Villager (Male) |
| 14:54 | Crear | Villager (Male) |
| 15:01 | Crear | Villager (Male) |
| 15:15 | Crear | Monk |
| 15:28 | Construir | Farm |
| 15:28 | Construir | Farm |
| 15:28 | Construir | Farm |
| 15:29 | Construir | Farm |
| 15:44 | Crear | Monk |
| 15:45 | Crear | Villager (Male) |
| 15:56 | Construir | Farm |
| 15:58 | Construir | Farm |
| 15:58 | Crear | Villager (Male) |
| 15:59 | Construir | Farm |
| 16:03 | Crear | Villager (Male) |
| 16:12 | Crear | Villager (Male) |
| 16:14 | Construir | Farm |
| 16:31 | Construir | House |
| 16:49 | Investigar | Sanctity |
| 16:49 | Crear | Villager (Male) |
| 16:51 | Crear | Villager (Male) |
| 16:59 | Crear | Villager (Male) |
| 17:05 | Construir | House |
| 17:08 | Construir | Town Center |
| 17:18 | Crear | Villager (Male) |
| 17:25 | Crear | Villager (Male) |
| 17:30 | Construir | House |
| 17:35 | Crear | Villager (Male) |
| 17:44 | Construir | Farm |
| 17:44 | Construir | Farm |
| 17:44 | Construir | Farm |
| 17:45 | Construir | Farm |
| 17:45 | Construir | Farm |
| 17:48 | Crear | Villager (Male) |
| 17:54 | Crear | Monk |
| 17:59 | Construir | House |
| 17:59 | Crear | Villager (Male) |
| 18:10 | Crear | Villager (Male) |
| 18:21 | Crear | Villager (Male) |
| 18:21 | Crear | Villager (Male) |
| 18:24 | Construir | Farm |
| 18:36 | Crear | Villager (Male) |
| 18:46 | Construir | Farm |
| 18:48 | Construir | Farm |
| 18:50 | Crear | Villager (Male) |
| 18:51 | Crear | Villager (Male) |
| 18:57 | Crear | Villager (Male) |
| 19:07 | Crear | Villager (Male) |
| 19:12 | Construir | House |
| 19:18 | Crear | Villager (Male) |
| 19:28 | Construir | Town Center |
| 19:34 | Construir | Farm |
| 19:37 | Construir | Farm |
| 19:37 | Crear | Villager (Male) |
| 19:38 | Crear | Villager (Male) |
| 19:38 | Crear | Villager (Male) |
| 19:40 | Construir | Farm |
| 19:40 | Construir | Farm |
| 19:41 | Construir | Farm |
| 19:41 | Construir | Farm |
| 19:41 | Construir | Farm |
| 19:41 | Construir | Farm |
| 19:50 | Crear | Villager (Male) |
| 19:53 | Construir | House |
| 19:54 | Construir | House |
| 20:04 | Crear | Villager (Male) |
| 20:06 | Crear | Villager (Male) |
| 20:06 | Crear | Villager (Male) |
| 20:17 | Construir | Farm |
| 20:17 | Crear | Villager (Male) |
| 20:18 | Crear | Villager (Male) |
| 20:20 | Construir | Lumber Camp |
| 20:25 | Construir | House |
| 20:30 | Crear | Villager (Male) |
| 20:31 | Crear | Villager (Male) |
| 20:31 | Crear | Villager (Male) |
| 20:32 | Crear | Villager (Male) |
| 20:35 | Crear | Villager (Male) |
| 20:37 | Crear | Villager (Male) |
| 20:45 | Crear | Villager (Male) |
| 20:59 | Crear | Villager (Male) |
| 21:01 | Construir | Town Center |
| 21:01 | Crear | Villager (Male) |
| 21:06 | Crear | Villager (Male) |
| 21:11 | Crear | Villager (Male) |
| 21:19 | Construir | Farm |
| 21:19 | Construir | Farm |
| 21:19 | Construir | Farm |
| 21:20 | Construir | Farm |
| 21:23 | Construir | House |
| 21:26 | Construir | Farm |
| 21:27 | Crear | Villager (Male) |
Build order — 小加
Primeras 150 de 418 acciones detectadas
| 0:01 | Crear | Villager (Male) |
| 0:01 | Crear | Villager (Male) |
| 0:02 | Construir | House |
| 0:03 | Construir | House |
| 0:12 | Crear | Villager (Male) |
| 0:12 | Crear | Villager (Male) |
| 0:12 | Crear | Villager (Male) |
| 1:17 | Crear | Villager (Male) |
| 1:53 | Construir | Lumber Camp |
| 2:04 | Crear | Villager (Male) |
| 2:04 | Crear | Villager (Male) |
| 2:04 | Crear | Villager (Male) |
| 2:04 | Crear | Villager (Male) |
| 2:29 | Crear | Villager (Male) |
| 2:29 | Crear | Villager (Male) |
| 2:52 | Crear | Villager (Male) |
| 2:52 | Crear | Villager (Male) |
| 2:58 | Crear | Villager (Male) |
| 2:59 | Crear | Villager (Male) |
| 2:59 | Crear | Villager (Male) |
| 3:14 | Investigar | Loom |
| 3:31 | Crear | Villager (Male) |
| 3:31 | Crear | Villager (Male) |
| 3:51 | Construir | House |
| 3:53 | Construir | House |
| 4:03 | Crear | Villager (Male) |
| 4:03 | Crear | Villager (Male) |
| 4:03 | Crear | Villager (Male) |
| 4:03 | Crear | Villager (Male) |
| 4:18 | Construir | Mill |
| 4:33 | Crear | Villager (Male) |
| 4:33 | Crear | Villager (Male) |
| 5:01 | Construir | Palisade Gate |
| 5:11 | Construir | Palisade Gate |
| 5:25 | Construir | Palisade Gate |
| 5:29 | Crear | Villager (Male) |
| 5:30 | Crear | Villager (Male) |
| 5:30 | Crear | Villager (Male) |
| 5:32 | Construir | Palisade Wall |
| 5:33 | Construir | Palisade Wall |
| 5:36 | Construir | Palisade Wall |
| 5:46 | Crear | Villager (Male) |
| 5:58 | Crear | Villager (Male) |
| 6:09 | Construir | Farm |
| 6:37 | Crear | Villager (Male) |
| 6:59 | Construir | Farm |
| 7:05 | Construir | Farm |
| 7:10 | Construir | Farm |
| 7:12 | Construir | Farm |
| 7:38 | Crear | Villager (Male) |
| 7:38 | Crear | Villager (Male) |
| 8:04 | Crear | Villager (Male) |
| 9:02 | Construir | Mining Camp |
| 9:04 | Investigar | Feudal Age |
| 10:02 | Crear | Villager (Male) |
| 10:03 | Crear | Villager (Male) |
| 11:24 | Edad | Edad Feudal |
| 11:28 | Construir | Market |
| 11:29 | Construir | Blacksmith |
| 11:31 | Investigar | Double-Bit Axe |
| 11:31 | Investigar | Horse Collar |
| 11:41 | Construir | Farm |
| 11:53 | Construir | Farm |
| 12:19 | Investigar | Castle Age |
| 12:19 | Investigar | Castle Age |
| 12:19 | Investigar | Castle Age |
| 12:22 | Construir | House |
| 12:23 | Construir | House |
| 12:44 | Investigar | Double-Bit Axe |
| 13:36 | Construir | Farm |
| 13:49 | Crear | Villager (Male) |
| 13:49 | Crear | Villager (Male) |
| 13:55 | Investigar | Wheelbarrow |
| 14:59 | Edad | Edad de los Castillos |
| 15:01 | Construir | Town Center |
| 15:15 | Construir | Town Center |
| 15:18 | Construir | Town Center |
| 15:20 | Investigar | Bow Saw |
| 15:56 | Investigar | Heavy Plow |
| 16:16 | Crear | Villager (Male) |
| 16:19 | Crear | Villager (Male) |
| 16:26 | Construir | Farm |
| 16:28 | Crear | Villager (Male) |
| 16:35 | Construir | Mill |
| 16:37 | Crear | Villager (Male) |
| 16:44 | Construir | Farm |
| 16:44 | Crear | Villager (Male) |
| 16:45 | Construir | Farm |
| 16:46 | Crear | Villager (Male) |
| 16:49 | Crear | Villager (Male) |
| 16:51 | Crear | Villager (Male) |
| 16:59 | Construir | Farm |
| 17:00 | Construir | Farm |
| 17:04 | Crear | Villager (Male) |
| 17:10 | Construir | Farm |
| 17:13 | Crear | Villager (Male) |
| 17:13 | Crear | Villager (Male) |
| 17:23 | Crear | Villager (Male) |
| 17:28 | Construir | Farm |
| 17:29 | Construir | Farm |
| 17:30 | Construir | Farm |
| 17:38 | Construir | Farm |
| 17:43 | Construir | Farm |
| 17:43 | Construir | Farm |
| 17:44 | Construir | Farm |
| 17:52 | Crear | Villager (Male) |
| 18:00 | Construir | Mill |
| 18:01 | Crear | Villager (Male) |
| 18:06 | Construir | Farm |
| 18:07 | Crear | Villager (Male) |
| 18:16 | Crear | Villager (Male) |
| 18:16 | Crear | Villager (Male) |
| 18:21 | Construir | Mill |
| 18:23 | Crear | Villager (Male) |
| 18:25 | Crear | Villager (Male) |
| 18:30 | Construir | Farm |
| 18:30 | Construir | Farm |
| 18:30 | Construir | Farm |
| 18:34 | Crear | Villager (Male) |
| 18:35 | Construir | Farm |
| 18:36 | Construir | Farm |
| 18:37 | Crear | Villager (Male) |
| 18:50 | Construir | Farm |
| 18:52 | Crear | Villager (Male) |
| 18:56 | Crear | Villager (Male) |
| 18:59 | Construir | Farm |
| 19:00 | Construir | Farm |
| 19:04 | Construir | Farm |
| 19:06 | Crear | Villager (Male) |
| 19:07 | Investigar | Gold Mining |
| 19:08 | Crear | Villager (Male) |
| 19:16 | Crear | Villager (Male) |
| 19:16 | Construir | Mining Camp |
| 19:27 | Construir | Farm |
| 19:35 | Crear | Villager (Male) |
| 19:36 | Construir | Farm |
| 19:54 | Crear | Villager (Male) |
| 19:59 | Crear | Villager (Male) |
| 19:59 | Crear | Villager (Male) |
| 20:03 | Investigar | Hand Cart |
| 20:15 | Crear | Villager (Male) |
| 20:18 | Investigar | Stone Mining |
| 20:20 | Crear | Villager (Male) |
| 20:29 | Construir | House |
| 20:29 | Construir | House |
| 20:31 | Crear | Villager (Male) |
| 20:52 | Crear | Villager (Male) |
| 21:01 | Crear | Villager (Male) |
| 21:11 | Construir | University |
| 21:13 | Crear | Villager (Male) |
Build order — 76561198442580508
Primeras 150 de 600 acciones detectadas
| 0:01 | Crear | Villager (Male) |
| 0:01 | Crear | Villager (Male) |
| 0:01 | Crear | Villager (Male) |
| 0:02 | Construir | House |
| 0:12 | Crear | Villager (Male) |
| 0:12 | Crear | Villager (Male) |
| 1:29 | Crear | Villager (Male) |
| 1:29 | Crear | Villager (Male) |
| 1:50 | Construir | House |
| 1:52 | Construir | House |
| 1:53 | Construir | House |
| 2:00 | Construir | House |
| 2:02 | Construir | House |
| 2:13 | Crear | Villager (Male) |
| 2:13 | Crear | Villager (Male) |
| 2:17 | Construir | Lumber Camp |
| 2:29 | Crear | Villager (Male) |
| 2:29 | Crear | Villager (Male) |
| 3:08 | Crear | Villager (Male) |
| 3:08 | Crear | Villager (Male) |
| 3:34 | Crear | Villager (Male) |
| 3:34 | Crear | Villager (Male) |
| 4:05 | Crear | Villager (Male) |
| 4:05 | Crear | Villager (Male) |
| 4:29 | Crear | Villager (Male) |
| 4:29 | Crear | Villager (Male) |
| 4:48 | Construir | Mill |
| 4:50 | Crear | Villager (Male) |
| 4:50 | Crear | Villager (Male) |
| 5:14 | Crear | Villager (Male) |
| 5:15 | Crear | Villager (Male) |
| 5:35 | Crear | Villager (Male) |
| 5:35 | Crear | Villager (Male) |
| 5:54 | Crear | Villager (Male) |
| 5:54 | Crear | Villager (Male) |
| 6:31 | Crear | Villager (Male) |
| 6:31 | Crear | Villager (Male) |
| 6:46 | Crear | Villager (Male) |
| 6:47 | Crear | Villager (Male) |
| 6:59 | Crear | Villager (Male) |
| 6:59 | Crear | Villager (Male) |
| 7:14 | Construir | Mill |
| 7:26 | Crear | Villager (Male) |
| 7:26 | Crear | Villager (Male) |
| 7:26 | Crear | Villager (Male) |
| 8:15 | Investigar | Feudal Age |
| 8:16 | Investigar | Feudal Age |
| 8:51 | Crear | Villager (Male) |
| 8:52 | Crear | Villager (Male) |
| 8:52 | Crear | Villager (Male) |
| 9:09 | Crear | Villager (Male) |
| 9:23 | Crear | Villager (Male) |
| 10:25 | Edad | Edad Feudal |
| 10:28 | Construir | Market |
| 10:31 | Construir | Blacksmith |
| 11:15 | Construir | Farm |
| 11:16 | Construir | Farm |
| 11:32 | Construir | Farm |
| 11:40 | Construir | Farm |
| 11:51 | Investigar | Castle Age |
| 12:05 | Crear | Villager (Male) |
| 12:05 | Crear | Villager (Male) |
| 12:13 | Construir | House |
| 12:13 | Construir | House |
| 12:14 | Construir | House |
| 12:15 | Construir | House |
| 12:31 | Investigar | Double-Bit Axe |
| 12:31 | Investigar | Double-Bit Axe |
| 12:41 | Crear | Villager (Male) |
| 12:41 | Crear | Villager (Male) |
| 12:41 | Crear | Villager (Male) |
| 13:19 | Crear | Villager (Male) |
| 14:21 | Crear | Villager (Male) |
| 14:31 | Crear | Villager (Male) |
| 14:31 | Edad | Edad de los Castillos |
| 14:41 | Construir | Town Center |
| 14:42 | Crear | Villager (Male) |
| 14:42 | Crear | Villager (Male) |
| 14:48 | Construir | Town Center |
| 15:07 | Crear | Villager (Male) |
| 15:25 | Crear | Villager (Male) |
| 15:38 | Crear | Villager (Male) |
| 15:38 | Crear | Villager (Male) |
| 15:41 | Crear | Villager (Male) |
| 15:41 | Crear | Villager (Male) |
| 15:41 | Crear | Villager (Male) |
| 16:00 | Construir | Farm |
| 16:00 | Crear | Villager (Male) |
| 16:01 | Crear | Villager (Male) |
| 16:01 | Crear | Villager (Male) |
| 16:01 | Crear | Villager (Male) |
| 16:02 | Crear | Villager (Male) |
| 16:08 | Construir | Farm |
| 16:10 | Construir | House |
| 16:16 | Construir | Farm |
| 16:17 | Construir | Farm |
| 16:18 | Construir | Farm |
| 16:19 | Construir | Farm |
| 16:20 | Construir | Farm |
| 16:24 | Construir | Farm |
| 16:34 | Crear | Villager (Male) |
| 16:35 | Crear | Villager (Male) |
| 16:36 | Crear | Villager (Male) |
| 16:36 | Crear | Villager (Male) |
| 16:36 | Crear | Villager (Male) |
| 16:37 | Crear | Villager (Male) |
| 16:38 | Construir | Farm |
| 16:56 | Construir | Farm |
| 16:57 | Construir | Farm |
| 17:11 | Crear | Villager (Male) |
| 17:11 | Crear | Villager (Male) |
| 17:15 | Construir | Farm |
| 17:16 | Crear | Villager (Male) |
| 17:16 | Crear | Villager (Male) |
| 17:29 | Crear | Villager (Male) |
| 17:31 | Crear | Villager (Male) |
| 17:34 | Crear | Villager (Male) |
| 17:34 | Crear | Villager (Male) |
| 17:41 | Construir | Farm |
| 17:43 | Construir | Farm |
| 17:44 | Crear | Villager (Male) |
| 17:45 | Crear | Villager (Male) |
| 17:46 | Crear | Villager (Male) |
| 17:46 | Crear | Villager (Male) |
| 18:03 | Crear | Villager (Male) |
| 18:03 | Crear | Villager (Male) |
| 18:08 | Construir | House |
| 18:09 | Construir | House |
| 18:10 | Construir | House |
| 18:11 | Construir | House |
| 18:12 | Crear | Villager (Male) |
| 18:24 | Crear | Villager (Male) |
| 18:24 | Crear | Villager (Male) |
| 18:34 | Construir | Town Center |
| 18:35 | Crear | Villager (Male) |
| 18:35 | Crear | Villager (Male) |
| 18:39 | Crear | Villager (Male) |
| 18:39 | Crear | Villager (Male) |
| 18:49 | Crear | Villager (Male) |
| 18:56 | Construir | Farm |
| 18:57 | Crear | Villager (Male) |
| 18:57 | Crear | Villager (Male) |
| 18:59 | Crear | Villager (Male) |
| 18:59 | Crear | Villager (Male) |
| 19:11 | Investigar | Bow Saw |
| 19:11 | Investigar | Bow Saw |
| 19:16 | Crear | Villager (Male) |
| 19:18 | Crear | Villager (Male) |
| 19:18 | Crear | Villager (Male) |
| 19:20 | Construir | Farm |
Build order — Osho
Primeras 150 de 475 acciones detectadas
| 0:01 | Crear | Villager (Male) ×4 |
| 0:01 | Crear | Villager (Male) ×4 |
| 0:02 | Construir | House |
| 0:03 | Construir | House |
| 1:25 | Crear | Villager (Male) |
| 1:25 | Crear | Villager (Male) |
| 1:54 | Construir | Lumber Camp |
| 2:00 | Crear | Villager (Male) |
| 2:18 | Crear | Villager (Male) |
| 2:18 | Crear | Villager (Male) |
| 2:48 | Crear | Villager (Male) |
| 2:48 | Crear | Villager (Male) |
| 3:02 | Crear | Villager (Male) |
| 3:35 | Crear | Villager (Male) |
| 3:36 | Crear | Villager (Male) |
| 4:06 | Crear | Villager (Male) |
| 4:09 | Construir | House |
| 4:29 | Crear | Villager (Male) |
| 4:29 | Crear | Villager (Male) |
| 4:34 | Construir | House |
| 5:22 | Crear | Villager (Male) |
| 5:28 | Crear | Villager (Male) |
| 5:28 | Crear | Villager (Male) |
| 5:40 | Construir | Mill |
| 5:57 | Crear | Villager (Male) |
| 6:32 | Construir | Farm |
| 6:32 | Crear | Villager (Male) |
| 6:34 | Construir | Farm |
| 6:47 | Construir | Mill |
| 6:54 | Crear | Villager (Male) |
| 7:21 | Crear | Villager (Male) |
| 7:35 | Construir | House |
| 7:40 | Crear | Villager (Male) |
| 7:58 | Construir | Mining Camp |
| 8:19 | Investigar | Feudal Age |
| 8:19 | Investigar | Feudal Age |
| 10:29 | Crear | Villager (Male) |
| 10:29 | Crear | Villager (Male) |
| 10:31 | Edad | Edad Feudal |
| 10:35 | Construir | Market |
| 10:39 | Construir | Blacksmith |
| 11:25 | Investigar | Castle Age |
| 12:37 | Construir | House |
| 12:39 | Construir | House |
| 13:26 | Investigar | Double-Bit Axe |
| 13:27 | Investigar | Double-Bit Axe |
| 13:27 | Investigar | Horse Collar |
| 13:27 | Investigar | Horse Collar |
| 14:05 | Edad | Edad de los Castillos |
| 14:06 | Crear | Villager (Male) |
| 14:08 | Construir | Town Center |
| 14:12 | Construir | Town Center |
| 14:17 | Crear | Villager (Male) |
| 14:42 | Crear | Villager (Male) |
| 14:58 | Crear | Villager (Male) |
| 15:19 | Crear | Villager (Male) |
| 15:20 | Crear | Villager (Male) |
| 15:20 | Crear | Villager (Male) |
| 15:26 | Crear | Villager (Male) |
| 15:27 | Crear | Villager (Male) |
| 15:35 | Construir | Farm |
| 15:36 | Construir | Farm |
| 15:39 | Construir | Farm |
| 15:41 | Crear | Villager (Male) |
| 15:48 | Crear | Villager (Male) |
| 15:54 | Construir | Farm |
| 15:55 | Crear | Villager (Male) |
| 15:58 | Construir | Farm |
| 16:05 | Construir | Farm |
| 16:16 | Construir | Farm |
| 16:23 | Construir | Farm |
| 16:29 | Construir | Farm |
| 16:30 | Crear | Villager (Male) |
| 16:30 | Crear | Villager (Male) |
| 16:35 | Crear | Villager (Male) |
| 16:40 | Construir | Farm |
| 16:43 | Construir | Farm |
| 16:46 | Construir | Farm |
| 16:53 | Construir | Farm |
| 16:57 | Crear | Villager (Male) |
| 16:59 | Construir | Farm |
| 17:07 | Construir | Farm |
| 17:12 | Crear | Villager (Male) |
| 17:13 | Crear | Villager (Male) |
| 17:16 | Construir | Farm |
| 17:22 | Construir | Farm |
| 17:25 | Crear | Villager (Male) |
| 17:31 | Construir | Farm |
| 17:35 | Crear | Villager (Male) |
| 17:42 | Construir | Farm |
| 17:44 | Crear | Villager (Male) |
| 17:51 | Construir | House |
| 17:53 | Construir | House |
| 17:53 | Construir | House |
| 17:55 | Crear | Villager (Male) |
| 17:56 | Construir | Farm |
| 18:03 | Construir | Farm |
| 18:07 | Crear | Villager (Male) ×2 |
| 18:15 | Construir | Farm |
| 18:16 | Crear | Villager (Male) |
| 18:25 | Construir | Farm |
| 18:28 | Crear | Villager (Male) |
| 18:29 | Crear | Villager (Male) |
| 18:33 | Crear | Villager (Male) |
| 18:36 | Construir | Farm |
| 18:37 | Crear | Villager (Male) |
| 18:37 | Crear | Villager (Male) |
| 18:41 | Crear | Villager (Male) |
| 18:41 | Crear | Villager (Male) |
| 18:50 | Crear | Villager (Male) |
| 18:58 | Crear | Villager (Male) |
| 19:01 | Construir | Farm |
| 19:07 | Crear | Villager (Male) |
| 19:12 | Crear | Villager (Male) |
| 19:13 | Crear | Villager (Male) |
| 19:13 | Crear | Villager (Male) |
| 19:18 | Construir | House |
| 19:19 | Crear | Villager (Male) |
| 19:20 | Crear | Villager (Male) |
| 19:29 | Construir | Town Center |
| 19:32 | Crear | Villager (Male) |
| 19:32 | Crear | Villager (Male) |
| 19:50 | Investigar | Gold Mining |
| 19:50 | Investigar | Gold Mining |
| 19:53 | Construir | House |
| 19:53 | Construir | House |
| 19:56 | Investigar | Bow Saw |
| 19:56 | Investigar | Bow Saw |
| 20:02 | Crear | Villager (Male) |
| 20:07 | Crear | Villager (Male) |
| 20:21 | Investigar | Wheelbarrow |
| 20:28 | Construir | Farm |
| 20:29 | Construir | Farm |
| 20:29 | Construir | Farm |
| 20:30 | Crear | Villager (Male) |
| 20:43 | Crear | Villager (Male) ×2 |
| 20:49 | Crear | Villager (Male) |
| 20:51 | Construir | Farm |
| 20:52 | Construir | Farm |
| 20:54 | Crear | Villager (Male) |
| 20:56 | Crear | Villager (Male) |
| 20:59 | Construir | Farm |
| 21:00 | Construir | Farm |
| 21:00 | Crear | Villager (Male) |
| 21:05 | Construir | Farm |
| 21:11 | Crear | Villager (Male) |
| 21:14 | Construir | House |
| 21:14 | Construir | House |
| 21:16 | Crear | Villager (Male) |
| 21:16 | Crear | Villager (Male) |
Cronología de la partida
| 3:47 | suki · wall_segment Palisade Wall x1 |
| 5:21 | Lethe · wall_segment Palisade Wall x1 |
| 5:23 | Lethe · wall_segment Palisade Wall x1 |
| 5:23 | Lethe · wall_segment Palisade Wall x1 |
| 5:32 | 小加 · wall_segment Palisade Wall x1 |
| 5:33 | 小加 · wall_segment Palisade Wall x1 |
| 5:36 | Lethe · wall_segment Palisade Wall x1 |
| 5:36 | 小加 · wall_segment Palisade Wall x1 |
| 5:41 | Lethe · wall_segment Palisade Wall x1 |
| 5:44 | Lethe · wall_segment Palisade Wall x1 |
| 5:46 | Lethe · wall_segment Palisade Wall x1 |
| 5:48 | Lethe · wall_segment Palisade Wall x1 |
| 5:58 | Lethe · wall_segment Palisade Wall x1 |
| 5:59 | Lethe · wall_segment Palisade Wall x1 |
| 6:05 | Lethe · wall_segment Palisade Wall x1 |
| 6:07 | Lethe · wall_segment Palisade Wall x1 |
| 6:10 | Lethe · wall_segment Palisade Wall x1 |
| 6:14 | Lethe · wall_segment Palisade Wall x1 |
| 8:27 | JN- · wall_segment Palisade Wall x1 |
| 8:28 | JN- · wall_segment Palisade Wall x1 |
| 8:29 | JN- · wall_segment Palisade Wall x1 |
| 8:50 | JN- · wall_segment Palisade Wall x1 |
| 9:41 | milarreach · age_up feudal |
| 10:23 | JN- · wall_segment Palisade Wall x1 |
| 10:25 | JN- · wall_segment Palisade Wall x1 |
| 10:25 | 76561198442580508 · age_up feudal |
| 10:31 | Osho · age_up feudal |
| 10:31 | Morkus · age_up feudal |
| 11:00 | 76561198442580508 · first_market_sell 100 wood |
| 11:24 | 小加 · age_up feudal |
| 11:26 | Lethe · age_up feudal |
| 11:39 | suki · age_up feudal |
| 12:15 | JN- · age_up feudal |
| 13:26 | milarreach · age_up castle |
| 14:03 | Morkus · age_up castle |
| 14:04 | Osho · first_market_sell 100 food |
| 14:05 | Osho · first_market_buy 100 wood |
| 14:05 | Osho · age_up castle |
| 14:06 | Morkus · first_building Monastery |
| 14:31 | 76561198442580508 · age_up castle |
| 14:59 | 小加 · age_up castle |
| 14:59 | Lethe · age_up castle |
| 15:10 | suki · age_up castle |
| 15:11 | JN- · age_up castle |
| 15:25 | Lethe · first_building Monastery |
| 16:17 | 小加 · first_market_buy 100 wood |
| 19:26 | Morkus · first_market_buy 100 stone |
| 19:30 | suki · first_market_buy 100 wood |
| 21:57 | 小加 · first_building Monastery |
| 22:22 | 小加 · first_building Barracks |
| 22:44 | 小加 · first_market_sell 100 food |
| 23:08 | suki · first_building Barracks |
| 23:13 | Osho · first_building Monastery |
| 23:14 | 小加 · first_building Castle |
| 23:18 | 小加 · first_building Archery Range |
| 24:24 | suki · first_building Stable |
| 24:28 | Lethe · first_building Siege Workshop |
| 24:30 | Lethe · first_building Barracks |
| 24:33 | suki · first_building Castle |
| 24:35 | milarreach · first_market_buy 100 stone |
| 24:37 | Osho · first_building Barracks |
| 24:40 | milarreach · first_building Castle |
| 24:41 | Morkus · first_building Castle |
| 24:44 | 小加 · first_building Siege Workshop |
| 24:54 | 76561198442580508 · first_building Castle |
| 25:16 | JN- · first_building Castle |
| 25:44 | JN- · first_building Stable |
| 25:48 | Lethe · first_building Castle |
| 26:02 | 小加 · age_up imperial |
| 26:03 | 76561198442580508 · wall_segment Stone Wall x1 |
| 26:14 | Morkus · first_building Barracks |
| 26:23 | Osho · first_building Castle |
| 26:27 | suki · first_building Siege Workshop |
| 26:39 | Lethe · age_up imperial |
| 26:41 | 76561198442580508 · first_building Barracks |
| 26:53 | milarreach · first_building Barracks |
| 27:27 | 76561198442580508 · first_building Stable |
| 27:32 | Osho · age_up imperial |
| 27:47 | Morkus · first_building Archery Range |
| 28:01 | Lethe · first_market_buy 100 food |
| 28:31 | Morkus · age_up imperial |
| 28:44 | JN- · age_up imperial |
| 28:50 | 76561198442580508 · first_building Siege Workshop |
| 29:04 | milarreach · age_up imperial |
| 29:27 | suki · age_up imperial |
| 29:32 | JN- · first_market_sell 100 wood |
| 29:43 | 76561198442580508 · age_up imperial |
| 29:55 | Morkus · first_building Siege Workshop |
| 30:03 | JN- · first_market_buy 100 stone |
| 31:49 | Morkus · first_market_sell 500 wood |
| 32:23 | JN- · resign |
| 34:56 | suki · tribute_sent a jugador 1 |
| 34:56 | suki · tribute_sent a jugador 2 |
| 34:56 | suki · tribute_sent a jugador 3 |
| 34:56 | suki · tribute_sent a jugador 5 |
| 34:56 | suki · tribute_sent a jugador 6 |
| 34:56 | suki · tribute_sent a jugador 7 |
| 34:56 | suki · tribute_sent a jugador 8 |
| 36:25 | suki · first_market_sell 100 food |
[ ANÁLISIS IA · 1 CRÉDITO ]
¿Qué pasó realmente en esta partida?
Wolo.gg analiza cada decisión: build order, eco, micro, errores típicos por bracket. Análisis personalizado por WhatsApp o Discord en 30 segundos.
Guía civ
Japoneses
Perfil
Jugador #4147390